 Dungeon Crawl Stone Soup version 0.27.0-1-g7a089689b8 (webtiles) character file.

Game seed: 8724776309213516598

128 alexmat1498 the Chopper (level 5, 0/47 HPs)
             Began as a Hill Orc Monk on Aug 8, 2021.
             Asphyxiated
             ... in a sewer.
             The game lasted 00:03:53 (1308 turns).

alexmat1498 the Chopper (Hill Orc Monk)             Turns: 1308, Time: 00:03:53

Health: 0/47       AC:  5    Str: 14      XL:     5   Next: 12%
Magic:  5/5        EV: 11    Int: 10      God:
Gold:   29         SH:  0    Dex: 12 (14) Spells: 4/4 levels left

rFire    . . .     SeeInvis .   a - +0 hand axe
rCold    . . .     Faith    .   (no shield)
rNeg     . . .     Spirit   .   e - +0 ring mail "Temmell" {Will++}
rPois    .         Reflect  .   (no helmet)
rElec    .         Harm     .   (no cloak)
rCorr    .         Rampage  .   (no gloves)
Will     ++...                  (no boots)
Stlth    +.........             (no amulet)
HPRegen  0.15/turn              (no ring)
MPRegen  0.09/turn              (no ring)

@: lethally poisoned (0 -> -15)
A: no striking features
a: no special abilities


You were in a sewer.
You visited 1 branch of the dungeon, and saw 5 of its levels.
You also visited: Sewer.

You collected 29 gold pieces.

Inventory:

Hand Weapons
 a - a +0 hand axe (weapon)
Armour
 e - the +0 ring mail "Temmell" (worn) {Will++}
   (You found it on level 5 of the Dungeon)

   Will:      It greatly increases your willpower.
Scrolls
 c - a scroll of teleportation {unknown}
 d - a scroll of identify {unknown}
 f - a scroll of acquirement {unknown}
Potions
 b - 2 potions of heal wounds {unknown}


   Skills:
 * Level 4.9 Fighting
 * Level 5.4 Axes
 + Level 1.3 Armour
 + Level 3.0 Dodging
 + Level 1.7 Stealth


You had 4 spell levels left.
You didn't know any spells.
Your spell library was empty.

Dungeon Overview and Level Annotations

Branches:
Dungeon (5/15)              Sewer (1/1)
 Temple: D:4-7

Altars:
Ru

Annotations:
Sewer Grinder


Message History

Unknown command.
You barely miss the kobold. You miss the kobold.
Unknown command.
You barely miss the kobold.
The kobold is moderately wounded.
You hit the kobold.
You kill the kobold!
The kobold hits you but does no damage.
Unknown command.
You hit the kobold.
You kill the kobold!
Unknown command.
Grinder hits you.
* * * LOW HITPOINT WARNING * * *
You writhe in agony.
* * * LOW HITPOINT WARNING * * *
You see here a +0 club.
You closely miss Grinder.
Grinder is moderately wounded.
Grinder gestures at you. You resist with almost no effort.
Unknown command.
You closely miss Grinder.
Grinder is moderately wounded.
Grinder blinks!
Unknown command.
A kobold brigand comes into view.
It is wielding a +0 short sword of flaming, wearing the +0 scale mail of Lionuga {SInv} and quivering curare-tipped darts.
The kobold brigand shouts!
Grinder blinks!
There is an open door here.
Things that are here:
a +0 whip; an inky potion; a kobold corpse You close the door, pushing everything out of the way.
You see here an inky potion.
An ufetubus comes into view.
The kobold brigand throws a curare-tipped dart.
The curare-tipped dart hits you.
You are lethally poisoned!
You have difficulty breathing.
You die...

###############
≈≈≈≈≈≈≈≈≈≈≈≈≈.)+!≈≈#
≈≈≈≈≈≈≈≈≈≈≈≈≈..#@≈≈#
≈≈≈≈≈≈≈≈≈≈≈≈≈≈.#.≈≈#
≈≈≈≈≈≈≈≈≈≈≈≈≈≈.#))≈#
≈≈≈≈≈≈≈≈≈≈≈≈≈..#K)≈#
≈≈≈≈≈≈≈≈≈≈≈≈...#.≈≈#
##≈##≈##≈###.####.##
)..).........≈≈#..5
.)))........≈≈≈≈...'
.............≈≈#...#.


You could see a kobold brigand and an ufetubus (wandering).

Vanquished Creatures
  A quasit (Sewer)
  A bullfrog skeleton (D:5)
  2 shadow imps (Sewer)
  3 ufetubi (Sewer)
  A dart slug (D:1)
  A bat (Sewer)
  A giant cockroach (D:4)
  2 goblins
  A hobgoblin (D:1)
  4 quokkas (D:4)
  4 ball pythons
  A frilled lizard (D:1)
  18 kobolds
  2 rats (D:1)
42 creatures vanquished.

Vanquished Creatures (others)
  A bat zombie (Sewer)
  An endoplasm (Sewer)
2 creatures vanquished.

Grand Total: 44 creatures vanquished

Notes
Turn   | Place    | Note
-------+----------+-------------------------------------------
     0 | D:1      | alexmat1498 the Hill Orc Monk began the quest for the Orb.
     0 | D:1      | Reached XP level 1. HP: 19/19 MP: 1/1
   331 | D:1      | Reached XP level 2. HP: 27/27 MP: 2/2
   410 | D:5      | Entered Level 5 of the Dungeon
   418 | D:5      | Reached XP level 3. HP: 29/33 MP: 3/3
   420 | D:5      | Identified the +0 ring mail "Temmell" {Will++}
   457 | D:4      | Found a sacrificial altar of Ru.
   475 | D:4      | Found a glowing drain.
   496 | Sewer    | Entered a sewer
   628 | Sewer    | Reached XP level 4. HP: 30/41 MP: 4/4
   767 | Sewer    | Reached skill level 5 in Axes
  1239 | Sewer    | Reached skill level 1 in Armour
  1270 | Sewer    | Reached XP level 5. HP: 10/47 MP: 5/5
  1271 | Sewer    | Noticed Grinder
  1305 | Sewer    | Identified the +0 scale mail of Lionuga {SInv}
  1305 | Sewer    | Noticed a kobold brigand
  1308 | Sewer    | Asphyxiated

Illustrated notes

Levels and vault maps discovered:
D:1:      heliophobic_arrival_glass_houses, layout_rooms,
          shapermc_ecumenical_altar_petra
D:2:      layout_basic, hex_tiny, st_stairs_11, minmay_crystal_room,
          uniq_natasha
D:3:      layout_rooms, mainiacjoe_overflow_24_doors,
          mainiacjoe_overflow_divided_tiny, gammafunk_ghost_stat_death
D:4:      layout_layer_cave, kennysheep_okawaru_gauntlet,
          mainiacjoe_overflow_concentric_impassable, lemuel_doored_altar,
          portal_sewer_entry_f
D:5:      layout_basic, temple_fountains, kennysheep_generic_room_2,
          uniq_duvessa
Sewer:    kennysheep_sewer_church

Skill      XL: |  1  2  3  4 |
---------------+-------------+-----
Fighting       | 4 |  4.9
Axes           | 5 |  5.4
Armour         | 1 |  1.3
Dodging        | 3 |  3.0
Stealth        | |  1.7

Action                   |  1- 3 |  4- 6 || total
-------------------------+-------+-------++-------
Melee: Hand axe          |    68 |   100 ||   168
 Stab: Sleeping          |     1 |       ||     1
Armor: Robe              |     2 |       ||     2
       Ring mail         |    19 |    69 ||    88
Dodge: Dodged            |    46 |    82 ||   128
